 Dungeon Crawl Stone Soup version 0.22-a0-617-g6d95e9e (webtiles) character file.

74440 Amnesiac the Fighter (level 15, -11/126 HPs)
             Began as a Mummy Wizard on July 13, 2018.
             Was a Priest of Ashenzari.
             Killed from afar by a deep elf mage (18 damage)
             ... with a bolt of fire
             ... on level 2 of the Elven Halls.
             The game lasted 01:23:19 (34656 turns).

Amnesiac the Fighter (Mummy Wizard)                Turns: 34656, Time: 01:23:20

Health: -11/126    AC: 15    Str: 14    XL:     15   Next: 6%
Magic:  0/34       EV: 20    Int: 32    God:    Ashenzari [***...]
Gold:   314        SH:  0    Dex: 12    Spells: 5/22 levels left

rFire    . . .     SeeInvis +   a - +2 dagger (drain)
rCold    + . .     Gourm    .   (no shield)
rNeg     + + +     Faith    .   x - +2 robe {rF+}
rPois    ∞         Spirit   +   e - +0 helmet
rElec    .         Reflect  .   p - +2 ratskin cloak {+Rats rPois rN+ Str-1 Int-1 Dex+1} (curse)
rCorr    .         Harm     .   j - +5 pair of gloves "Busyod" {MR+ Str+4 Int+6} (curse)
MR       ++...                  o - +0 pair of boots (curse)
Stlth    ++........             f - amulet of guardian spirit (curse)
HPRegen  0.31/turn              i - +4 ring of intelligence (curse)
MPRegen  0.24/turn              s - ring of magical power

@: studying Transmutations
A: no food or potions, fire vulnerability, cold resistance 1, negative energy
resistance 3, torment resistance, unbreathing, in touch with death 1
a: Curse Item, Scrying, Renounce Religion, Evoke Ratskin


You were on level 2 of the Elven Halls.
You worshipped Ashenzari.
Ashenzari was most pleased with you.
You were not hungry.

You visited 4 branches of the dungeon, and saw 20 of its levels.
You also visited: Bailey.

You collected 1987 gold pieces.
You spent 1673 gold pieces at shops.

Inventory:

Hand Weapons
 a - a +2 dagger of draining (weapon)
 b - the +1 spear of Victory {pierce, +Fly rF+ Dex+3}
   (You found it on level 5 of the Dungeon)

   It inflicts extra damage upon your enemies.
   It affects your dexterity (+3).
   It protects you from fire.
   It lets you fly.
 F - a +4 scimitar of flaming
 I - a +2 trident of venom
 L - a +0 blowgun
Missiles
 D - 4 curare-tipped needles
Armour
 e - a +0 helmet (worn)
 j - the cursed +5 pair of gloves "Busyod" (worn) {MR+ Str+4 Int+6}
   (You found it on level 7 of the Dungeon)

   It affects your strength (+4).
   It affects your intelligence (+6).
   It affects your resistance to hostile enchantments.
   It has a curse placed upon it.
 o - a cursed +0 pair of boots (worn)
 p - the cursed +2 ratskin cloak (worn) {+Rats rPois rN+ Str-1 Int-1 Dex+1}
   (You found it on level 10 of the Dungeon)

   It affects your strength (-1).
   It affects your intelligence (-1).
   It affects your dexterity (+1).
   It protects you from poison.
   It protects you from negative energy.
   It has a curse placed upon it.
 x - a +2 robe of fire resistance (worn)
Jewellery
 f - a cursed amulet of guardian spirit (around neck)
 i - a cursed +4 ring of intelligence (left hand)
 s - a ring of magical power (right hand)
 w - an uncursed ring of ice
 y - a +2 ring of evasion
 B - an uncursed ring of fire
 M - the amulet "Zumuj" {Harm *Drain +Fly SInv}
   (You found it on level 2 of the Elven Halls)

   [amulet of harm]

   It increases damage dealt and taken.
   It lets you see invisible.
   It lets you fly.
   It causes draining when unequipped.
Wands
 g - a wand of random effects (29)
 z - a wand of clouds (4)
 H - a wand of iceblast (7)
 J - a wand of digging (1)
Scrolls
 h - 4 scrolls of amnesia {!r}
 k - 3 scrolls of blinking {!r}
 l - 2 scrolls of immolation {!r}
 m - a scroll of vulnerability {!r}
 n - 9 scrolls of teleportation {!r}
 q - 3 scrolls of magic mapping {!r}
 r - 2 scrolls of fear {!r}
 t - 5 scrolls of identify {!r}
 u - 5 scrolls of remove curse {!r}
 v - a scroll of torment {!r}
 C - 2 scrolls of fog {!r}
 G - a scroll of enchant armour {!r}
 K - a scroll of enchant weapon {!r}
Books
 E - a manual of Transmutations
Miscellaneous
 c - a box of beasts
 d - a lightning rod (4/4)
 A - a lamp of fire


   Skills:
 - Level 14.0 Fighting
 - Level 13.0(14.6) Dodging
 - Level 1.5(2.9) Stealth
 + Level 4.3 Spellcasting
 - Level 2.4(4.0) Conjurations
 - Level 0.7(1.6) Summonings
 * Level 1.4(2.7) Necromancy
 - Level 0.7(1.6) Translocations
 * Level 1.1(2.2) Earth Magic
 - Level 13.5(15.1) Evocations


You had 5 spell levels left.
You knew the following spells:

 Your Spells              Type           Power        Failure   Level  Hunger
a - Borgnjor's Vile Clut  Necr/Erth      ####......   50%         5    N/A
b - Call Imp              Summ           ###.....     4%          2    N/A
c - Apportation           Tloc           ###...       2%          1    N/A
d - Magic Dart            Conj           ####         1%          1    N/A
e - Mephitic Cloud        Conj/Pois/Air  ###.....     9%          3    N/A
s - Conjure Flame         Conj/Fire      ###.....     7%          3    N/A
v - Blink                 Tloc           N/A          4%          2    N/A

Your spell library contained the following spells:

 Spells                   Type           Power        Failure   Level  Hunger
 Cause Fear               Hex            #.........   45%         4    N/A
 Slow                     Hex            #.......     8%          2    N/A
 Confuse                  Hex            #.......     16%         3    N/A
 Summon Small Mammal      Summ           ###.         2%          1    N/A
 Animate Dead             Necr           N/A          19%         4    N/A
 Pain                     Necr           ####         1%          1    N/A
 Animate Skeleton         Necr           N/A          1%          1    N/A
 Tukima's Dance           Hex            #.......     16%         3    N/A
 Corpse Rot               Necr           N/A          2%          2    N/A
 Confusing Touch          Hex            #.....       4%          1    N/A
 Ensorcelled Hibernation  Hex/Ice        #.....       8%          2    N/A
 Corona                   Hex            #......      4%          1    N/A
 Portal Projectile        Hex/Tloc       ##....       11%         3    N/A
 Leda's Liquefaction      Hex/Erth       ##........   32%         4    N/A
 Inner Flame              Hex/Fire       #.......     16%         3    N/A
 Dazzling Spray           Conj/Hex       ###...       7%          3    N/A

Dungeon Overview and Level Annotations

Branches:
Dungeon (15/15)            Temple (1/1) D:6            Lair (0/6) D:9
    Orc (2/2) D:12            Elf (2/3) Orc:2        Vaults (0/5) D:14
 Depths (0/5) D:15

Altars:
Ashenzari
Cheibriados
Dithmenos
Elyvilon
Fedhas
Gozag
Hepliaklqana
Kikubaaqudgha
Makhleb
Nemelex Xobeh
Okawaru
Qazlal
Ru
Sif Muna
Trog
Uskayaw
Vehumet
Wu Jian
Xom
Yredelemnul
Zin
The Shining One

Shops:
D:13 ?   Orc:1 %   Orc:2 [*[*[   Elf:1 [

Annotations:
D:9 Torious's ghost, novice DECj


Innate Abilities, Weirdness & Mutations

You do not eat or drink.
Your flesh is vulnerable to fire.
You are immune to poison.
Your flesh is cold resistant. (rC+)
You are immune to negative energy. (rN+++)
You are immune to unholy pain and torment.
You can survive without breathing.
You are in touch with the powers of death.


Message History

The fire elemental completely misses you.
The deep elf mage closely misses you. The fire elemental misses you.
The deep elf mage hits you with a rapier!
The fire elemental completely misses you.
The rats of the Dungeon answer your call.
The fire elemental hits you. The fire elemental burns you!
The deep elf mage barely misses you.
The rats of the Dungeon answer your call.
The fire elemental hits you. The fire elemental burns you!
The deep elf mage hits you but does no damage.
You hit the fire elemental.
The fire elemental is moderately damaged.
The fire elemental hits you. The fire elemental burns you!
The deep elf mage misses you.
You hit the fire elemental.
The fire elemental is moderately damaged.
The fire elemental hits you. The fire elemental burns you!
* * * LOW HITPOINT WARNING * * *
The fire elemental completely misses you.
You hit the deep elf mage. You drain the deep elf mage!
The deep elf mage is lightly wounded.
The deep elf mage casts a spell.
The deep elf mage blinks!
The fire elemental is destroyed!
Casting: Mephitic Cloud (safe; 9% risk of failure)
Confirm with . or Enter, or press ? or * to list all spells.
You blink.
The fire elemental closely misses your hell rat.
The fire elemental hits your hell rat. The fire elemental burns your hell rat!
The fire elemental hits your hell rat. The fire elemental burns your hell rat!
Your hell rat dies!
The fire elemental misses your hell rat.
The rats of the Dungeon answer your call.
The fire elemental hits your hell rat. The fire elemental burns your hell rat!
The fire elemental barely misses you.
The deep elf mage gestures at you while chanting.
The bolt of fire misses the fire elemental.
The bolt of fire hits your hell rat.
Your hell rat dies!
The bolt of fire hits you!
* * * LOW HITPOINT WARNING * * *
The rats of the Dungeon answer your call.
The fire elemental hits you. The fire elemental burns you!
* * * LOW HITPOINT WARNING * * *
The deep elf mage mumbles some strange words.
The deep elf mage blinks!
You don't have enough magic at the moment.
You don't have enough magic at the moment.
You don't have enough magic at the moment.
The fire elemental hits you. The fire elemental burns you!
* * * LOW HITPOINT WARNING * * *
The fire elemental misses you.
You open the door. The fire elemental hits you. The fire elemental burns you!
* * * LOW HITPOINT WARNING * * *
The fire elemental closely misses you.
The fire elemental completely misses you.
The fire elemental disappears in a puff of smoke!
The fire elemental hits you. The fire elemental burns you!
* * * LOW HITPOINT WARNING * * *
The deep elf mage points at you and mumbles some strange words.
The bolt of fire hits your river rat.
Your river rat dies!
The bolt of fire hits you!
You die...

, * * * , * ** , ,
,, , ,,, ,, * , ,**
*, * * ** * ** ##
####'##############
##.@...##...=....##.
#..rE§.r#...........
#....§..e.........#.
##....§r...........#
##.....#...........
##...##.....#.....
#+########.#....# *
*#..#..#. ,
*,...#..#.


You could see a deep elf mage, a fire elemental, 2 friendly hell rats and a
friendly river rat.

Vanquished Creatures
  A frost giant (D:15)
  Nessos (D:12)
  A dire elephant (D:15)
  A deep elf death mage (Elf:1)
  Harold (Orc:1)
  Erolcha (D:9)
  An ice dragon (D:15)
  4 centaur warriors
  2 hydras (D:15)
  Erica (D:10)
  5 two-headed ogres
  Sonja (D:14)
  Urug (D:10)
  Nergalle (D:10)
  An orc high priest (Orc:2)
  A deep elf knight (Elf:1)
  An iron troll (D:14)
  An unseen horror (D:12)
  The ghost of sking99 the Grappler, a novice DrTm of Ru (D:8)
  3 deep elf archers (Elf:1)
  3 wolf spider zombies
  An orc knight (Orc:2)
  9 deep elf magi
  4 necromancers
  A phantasmal warrior (D:14)
  2 large abominations (Elf:1)
  24 ugly things
  2 orc sorcerers (Orc:2)
  2 wolf spiders
  5 manticores
  7 cyclopes
  Maurice (D:9)
  A guardian serpent (shapeshifter) (D:14)
  2 centaur zombies
  A komodo dragon (Orc:2)
  4 rime drakes (D:15)
  A freezing wraith (D:15)
  2 meliai
  4 trolls
  A wolf spider simulacrum (D:15)
  A tengu conjurer (D:13)
  A raiju (D:15)
  A meliai zombie (D:12)
  5 hippogriffs
  8 slime creatures (D:15)
  3 shadows
  A spriggan (D:7)
  A water elemental (Elf:1)
  18 yaks
  2 hungry ghosts
  3 wyverns
  A basilisk (D:9)
  2 redback simulacra
  5 wargs
  A water moccasin (D:12)
  4 porcupines (D:9)
  A hornet zombie (D:12)
  14 orc warriors
  A black bear (D:7)
  2 eyes of draining
  3 phantoms
  4 ice beasts
  4 sky beasts
  8 ogres
  2 crocodiles (D:9)
  12 centaurs
  2 big kobolds
  3 elf zombies (Elf:1)
  5 bullfrogs
  9 gnoll sergeants
  A wyvern skeleton (D:9)
  A hornet simulacrum (D:15)
  5 scorpions
  A troll zombie (D:12)
  11 killer bees
  5 wights (D:13)
  An electric eel (D:15)
  2 howler monkeys
  A spectral bullfrog (D:9)
  5 spectral centaurs
  8 crimson imps
  6 jellies
  3 bullfrog zombies
  7 hounds
  2 bullfrog skeletons
  16 orc priests
  6 gnoll shamans (Bailey)
  22 orc wizards
  4 iguanas
  5 worker ants
  8 centaur simulacra
  2 bullfrog simulacra (D:9)
  6 ogre zombies (D:12)
  A hound zombie (D:8)
  A hound skeleton (D:9)
  Robin (D:1)
  22 gnolls
  A worker ant zombie (D:10)
  12 adders
  2 shadow imps (D:9)
  An ooze (D:3)
  An adder zombie (D:9)
  3 adder skeletons
  5 worms
  4 dart slugs (D:2)
  6 leopard geckos
  A leopard gecko (shapeshifter) (Elf:1)
  73 orcs
  3 giant cockroaches
  17 goblins
  10 hobgoblins
  7 jackals
  17 kobolds
  3 quokkas
  A ball python (D:2)
  8 bats
  5 frilled lizards
  A goblin zombie (D:12)
  3 hobgoblin zombies (D:12)
  3 orc skeletons (D:12)
  18 orc zombies (D:12)
  A quokka zombie (D:9)
  12 rats
605 creatures vanquished.

Vanquished Creatures (collateral kills)
  The ghost of Gildeon the Severer, a journeyman MiFi of Trog (D:15)
  The ghost of Qithir the Frost Mage, a journeyman GnWn of Qazlal (D:11)
  The ghost of Abmis123 the Grappler, a novice TrWn of Okawaru (D:11)
  A hydra (D:11)
  A dancing weapon (Elf:1)
  3 orc high priests (Orc:2)
  A deep elf knight (Elf:1)
  3 orc knights (Orc:2)
  A deep elf mage (Elf:1)
  An ugly thing (D:11)
  3 orc sorcerers (Orc:2)
  A guardian serpent (shapeshifter) (D:11)
  A troll (Orc:2)
  A hornet (D:11)
  A vampire (D:15)
  A wyvern (D:11)
  2 air elementals (Elf:1)
  3 wraiths
  A fire elemental (Elf:1)
  2 wargs
  14 orc warriors
  An ice beast (D:5)
  A phantom (D:4)
  2 ogres
  A troll zombie (D:12)
  5 orc priests
  A gnoll shaman (Orc:2)
  5 orc wizards
  A worker ant (D:5)
  A worker ant zombie (D:11)
  3 gnolls (Orc:2)
  A shadow imp (D:11)
  An ooze (D:5)
  20 orcs
87 creatures vanquished.

Vanquished Creatures (others)
  An orc warrior (D:12)
  A bullfrog simulacrum (D:9)
  3 bushes
  14 plants (D:9)
19 creatures vanquished.

Grand Total: 711 creatures vanquished

Notes
Turn   | Place    | Note
-------+----------+-------------------------------------------
     0 | D:1      | Amnesiac the Mummy Wizard began the quest for the Orb.
     0 | D:1      | Reached XP level 1. HP: 13/13 MP: 5/5
    57 | D:1      | Reached skill level 1 in Fighting
   217 | D:1      | Reached XP level 2. HP: 21/21 MP: 7/7
   221 | D:1      | Learned a level 2 spell: Call Imp
   748 | D:2      | Reached skill level 2 in Fighting
   804 | D:2      | Reached XP level 3. HP: 22/27 MP: 2/8
   809 | D:2      | Learned a level 3 spell: Conjure Flame
   813 | D:2      | Learned a level 3 spell: Mephitic Cloud
  1080 | D:2      | Noticed Robin
  1330 | D:1      | Killed Robin
  1721 | D:2      | Reached skill level 3 in Fighting
  1721 | D:2      | Reached XP level 4. HP: 3/35 MP: 1/10
  1749 | D:2      | Learned a level 2 spell: Blink
  2993 | D:3      | Reached XP level 5. HP: 42/42 MP: 11/11
  3219 | D:3      | Reached skill level 4 in Fighting
  3396 | D:3      | Found a faded altar of an unknown god.
  4039 | D:4      | Found a stormy altar of Qazlal.
  4091 | D:4      | Reached XP level 6. HP: 38/50 MP: 5/12
  4178 | D:4      | Reached skill level 5 in Fighting
  5612 | D:5      | Entered Level 5 of the Dungeon
  5627 | D:5      | Reached skill level 6 in Fighting
  5627 | D:5      | Reached XP level 7. HP: 32/58 MP: 13/13
  6574 | D:5      | Reached skill level 7 in Fighting
  6711 | D:5      | Reached XP level 8. HP: 48/67 MP: 4/14
  6800 | D:5      | Got an ancient spear
  6965 | D:5      | Identified the cursed +1 spear of Victory {pierce, +Fly rF+ Dex+3} (You found it on level 5 of the Dungeon)
  7511 | D:6      | Reached skill level 8 in Fighting
  7535 | D:6      | Reached skill level 5 in Dodging
  7989 | D:6      | Reached skill level 9 in Fighting
  8650 | D:6      | Found a staircase to the Ecumenical Temple.
  8755 | Temple   | Entered the Ecumenical Temple
  8967 | Temple   | Became a worshipper of Ashenzari the Shackled
  9018 | D:6      | Found a sparkling altar of Nemelex Xobeh.
  9039 | D:6      | Reached XP level 9. HP: 68/77 MP: 5/15
  9288 | D:7      | Got the uncursed pair of gloves "Busyod" {MR+ Str+4 Int+6}
  9294 | D:7      | Identified the +5 pair of gloves "Busyod" {MR+ Str+4 Int+6} (You found it on level 7 of the Dungeon)
  9299 | D:7      | Found a bloodstained altar of Trog.
  9541 | D:7      | Reached skill level 10 in Fighting
  9710 | D:7      | Found an iron altar of Okawaru.
  9776 | D:7      | Found a deep blue altar of Sif Muna.
  9786 | D:7      | Found an ancient bone altar of Kikubaaqudgha.
  9894 | D:7      | Found a radiant altar of Vehumet.
  9978 | D:7      | You fall through a shaft for 2 floors!
 10053 | D:9      | Reached skill level 11 in Fighting
 10061 | D:9      | Noticed Maurice
 10099 | D:9      | Killed Maurice
 10250 | D:9      | Found a snail-covered altar of Cheibriados.
 10410 | D:9      | Reached XP level 10. HP: 72/88 MP: 0/16
 10739 | D:9      | Noticed Erolcha
 10770 | D:9      | Killed Erolcha
 10770 | D:9      | Reached skill level 12 in Fighting
 11295 | D:9      | Reached skill level 13 in Fighting
 11480 | D:9      | Found a staircase to the Lair.
 11539 | D:8      | Found a blossoming altar of Fedhas.
 11683 | D:8      | Found a hide-covered altar of Uskayaw.
 11688 | D:8      | Found a flagged portal.
 11695 | D:8      | Noticed a two-headed ogre
 11719 | D:8      | Killed a two-headed ogre
 11737 | Bailey   | Entered a bailey
 11737 | Bailey   | Reached * piety under Ashenzari
 11834 | Bailey   | Reached XP level 11. HP: 98/98 MP: 11/17
 12998 | D:8      | Found a white marble altar of Elyvilon.
 13050 | D:8      | Found a hazy altar of Hepliaklqana.
 13175 | D:8      | Found a runed gate.
 13175 | D:8      | Found a runed gate.
 13176 | D:8      | Found a runed gate.
 13178 | D:8      | Noticed sking99's ghost (novice DrTm)
 13302 | D:8      | Killed sking99's ghost
 13508 | D:8      | Found a glowing silver altar of Zin.
 14064 | D:9      | Found a runed gate.
 14067 | D:9      | Found a runed gate.
 14068 | D:9      | Found a runed gate.
 14098 | D:9      | Noticed Torious's ghost (novice DECj)
 14134 | D:9      | Reached ** piety under Ashenzari
 14234 | D:9      | Reached skill level 14 in Fighting
 14551 | D:10     | Entered Level 10 of the Dungeon
 14646 | D:9      | Reached skill level 1 in Evocations
 14662 | D:10     | Found the +2 ratskin cloak {+Rats rPois rN+ Str-1 Int-1 Dex+1}
 14770 | D:10     | Noticed Urug
 14792 | D:10     | Noticed Nergalle
 14839 | D:10     | Killed Urug
 15048 | D:10     | Killed Nergalle
 15073 | D:10     | Noticed Erica
 15097 | D:10     | Killed Erica
 15595 | D:10     | Reached skill level 5 in Evocations
 16167 | D:11     | Noticed a two-headed ogre
 16171 | D:11     | Noticed a purple ugly thing
 16187 | D:11     | Killed a purple ugly thing
 16214 | D:11     | Killed a two-headed ogre
 16214 | D:11     | Reached XP level 12. HP: 58/107 MP: 6/18
 16586 | D:11     | Noticed a five-headed hydra
 16614 | D:11     | Killed a five-headed hydra
 16914 | D:11     | Found a runed door.
 16919 | D:11     | Noticed Abmis123's ghost (novice TrWn)
 16966 | D:11     | Killed Abmis123's ghost
 17077 | D:12     | Identified a paperback manual
 17166 | D:12     | Found a runed gate.
 17167 | D:12     | Found a runed gate.
 17314 | D:12     | Found a runed gate.
 17392 | D:12     | Noticed Qithir's ghost (journeyman GnWn)
 17488 | D:11     | Killed Qithir's ghost
 18334 | D:12     | Found a staircase to the Orcish Mines.
 18930 | D:12     | Noticed Nessos
 19001 | D:12     | Killed Nessos
 19001 | D:12     | Reached skill level 10 in Evocations
 19477 | D:13     | Noticed a centaur warrior
 19499 | D:13     | Killed a centaur warrior
 19859 | D:13     | Found a shadowy altar of Dithmenos.
 19950 | D:13     | Found Dul Gox's Magic Scroll Emporium.
 19956 | D:13     | Bought a scroll of random uselessness for 15 gold pieces
 19978 | D:13     | Noticed a two-headed ogre
 19989 | D:13     | Noticed a centaur warrior
 20598 | D:13     | Killed a two-headed ogre
 20610 | D:13     | Gained mutation: You are in touch with the powers of death. [Mummy growth]
 20610 | D:13     | Reached XP level 13. HP: 93/113 MP: 21/21
 22208 | D:14     | Noticed Sonja
 22259 | D:14     | Killed Sonja
 23281 | D:14     | Found a gate to the Vaults.
 23417 | D:15     | Entered Level 15 of the Dungeon
 24300 | D:15     | Reached *** piety under Ashenzari
 24427 | D:15     | HP: 4/113 [cyclops/large rock (29)]
 24889 | D:15     | Noticed a dire elephant
 25226 | D:15     | Killed a dire elephant
 25226 | D:15     | Reached XP level 14. HP: 80/120 MP: 13/24
 25592 | D:15     | Found a staircase to the Depths.
 25602 | D:15     | Reached skill level 10 in Dodging
 25882 | D:15     | Found a runed gate.
 25882 | D:15     | Found a runed gate.
 25882 | D:15     | Found a runed gate.
 26185 | D:15     | Noticed a frost giant
 26226 | D:15     | HP: 6/120 [frost giant/battleaxe of freezing (1)]
 26227 | D:15     | Killed a frost giant
 26227 | D:15     | Reached skill level 1 in Conjurations
 27402 | D:15     | Noticed Gildeon's ghost (journeyman MiFi)
 27436 | D:15     | Killed Gildeon's ghost
 28209 | D:15     | Found a staircase to the Depths.
 28547 | Orc:1    | Entered Level 1 of the Orcish Mines
 29166 | Orc:1    | Found Zukleib's Food Shop.
 29265 | Orc:1    | Noticed Harold
 29291 | Orc:1    | Killed Harold
 29467 | Orc:2    | Entered Level 2 of the Orcish Mines
 29655 | Orc:2    | HP: 6/120 [orc knight/enchanted great mace (9)]
 30272 | Orc:2    | Found Iryckuiz's Assorted Antiques.
 30389 | Orc:2    | Found Tuapp's Armour Emporium.
 30408 | Orc:2    | Found a staircase to the Elven Halls.
 30458 | Orc:2    | Found a deep blue altar of Sif Muna.
 30485 | Orc:2    | Identified Sif Muna's Disquisition on Displacement
 31584 | Orc:2    | Found Dosot's Antique Armour Emporium.
 31590 | Orc:2    | Found Mol Kit's Assorted Antiques.
 31592 | Orc:2    | Found Sots's Antique Armour Shop.
 31600 | Orc:2    | Bought a pair of glowing gloves for 150 gold pieces
 31613 | Orc:2    | Bought a pair of runed boots for 255 gold pieces
 31613 | Orc:2    | Bought a leatherbound book for 510 gold pieces
 31613 | Orc:2    | Bought a ruby ring for 170 gold pieces
 31768 | Elf:1    | Entered Level 1 of the Elven Halls
 33088 | Elf:1    | Got the cursed scythe of Dissolution {slice, rPois MP+9 Dex+4}
 33463 | Elf:1    | Learned a level 1 spell: Apportation
 33463 | Elf:1    | Identified the Volume of Sinister Rituals
 33671 | Elf:1    | Reached XP level 15. HP: 113/126 MP: 24/25
 33917 | Elf:1    | Learned a level 5 spell: Borgnjor's Vile Clutch
 34071 | Elf:1    | Reached skill level 1 in Necromancy
 34195 | Elf:1    | Found Jugil's Antique Armour Emporium.
 34251 | Elf:1    | Reached skill level 1 in Earth Magic
 34318 | Elf:1    | Bought a heavily runed ring mail for 279 gold pieces
 34318 | Elf:1    | Bought a pair of pitted gloves for 294 gold pieces
 34318 | Elf:1    | Identified the +3 pair of gloves "Nireal Xutho" {rC- rCorr Dex+5} (You bought it in a shop on level 1 of the Elven Halls)
 34620 | Elf:2    | Identified the amulet "Zumuj" {Harm *Drain +Fly SInv}
 34656 | Elf:2    | Killed from afar by a deep elf mage

Vault maps used:
D:1:      dpeg_arrival_tiny_d
D:2:      minmay_heptomino_d4, uniq_robin
D:3:      chequers_ecumenical_altar_lobes
D:4:      lemuel_round_altar, first_ration
D:6:      minmay_temple_entry_junction, serial_glass, glass_columns_b,
          glass_columns_a, glass_columns_a, glass_columns_a, glass_columns_a,
          glass_columns_c, basic_altar
D:7:      palyth_temple_overflow_mages, marbit_many_paths,
          nicolae_overflow_crystal_walls, the_bakery, eino_jars
D:8:      nicolae_overflow_hidden_temple, kennysheep_mini, old_standard_altar,
          elyvilon_altar_4, lemuel_doored_altar, enter_bailey_2,
          gammafunk_ghost_necromancy
D:9:      minmay_lair_entry_grove, gammafunk_ghost_necromancy,
          cheibrodos_worm_habitat, uniq_maurice, uniq_erolcha
D:10:     uniq_erica, uniq_urug, uniq_nergalle
D:11:     hellmonk_ghost_happy_afterlife
D:12:     zombieorc2_lemuel, gammafunk_ghost_necromancy, st_stairs_14,
          uniq_nessos
D:13:     serial_shops, shop_scrolls, nicolae_dithmenos_shadow_blocks
D:14:     david_vaults_4, serial_park_tiny_2, hangedman_decor_peaks_small,
          uniq_sonja
D:15:     hangedman_depths_entry_try_elsewhere_first, gammafunk_ghost_icy,
          serial_bayou_shore_a, minmay_stone_trees_small
Temple:   minmay_temple_curvy_loop
Orc:1:    serial_shops, shop, uniq_harold
Orc:2:    st_orc_elflike, serial_shops, shop, nicolae_orc_jurassic_orc,
          led_sif_book
Elf:1:    minmay_elf_arrival_plus, serial_shops, shop_statue,
          minmay_elf_necromancy
Elf:2:    serial_sigils_hangedman_writhe, minmay_misc_feat_rows
Bailey:   bailey_polearm_gnolls_kennysheep, bailey

Skill      XL: |  1  2  3  4  5  6  7  8  9 10 11 12 13 14 15 |
---------------+----------------------------------------------+-----
Fighting       | 1 2 3 4 6 7 9 11 13 14 | 14.0
Dodging        | 2 3 4 5 7 8 9 13 | 13.0
Evocations     | 6 11 13 | 13.5
Conjurations   | 2 |  2.4
Necromancy     | 1 |  1.4
Earth Magic    | 1 |  1.1
Stealth        | |  1.5
Spellcasting   | |  4.3
Summonings     | |  0.7
Translocations | |  0.7

Action                   |  1- 3 |  4- 6 |  7- 9 | 10-12 | 13-15 || total
-------------------------+-------+-------+-------+-------+-------++-------
Melee: Mace              |    14 |       |       |       |       ||    14
       Spear             |       |       |   404 |  1547 |   255 ||  2206
       Dagger            |       |       |       |       |  1208 ||  1208
       Trident           |       |       |       |       |    51 ||    51
       Scimitar          |       |       |       |       |     8 ||     8
 Fire: Hunting sling     |    98 |   412 |   319 |       |       ||   829
 Cast: Magic Dart        |    63 |    54 |    30 |    15 |       ||   162
       Mephitic Cloud    |     2 |    16 |    38 |    86 |    44 ||   186
       Call Imp          |       |     6 |    24 |     4 |       ||    34
       Conjure Flame     |       |       |    16 |    95 |   102 ||   213
       Blink             |       |       |     2 |     1 |    17 ||    20
       Apportation       |       |       |       |       |     1 ||     1
Invok: Curse Item        |       |       |     2 |       |     2 ||     4
 Abil: Evoke Ratskin     |       |       |       |    29 |   126 ||   155
Evoke: Wand              |       |       |       |    14 |    31 ||    45
       Lightning rod     |       |       |       |     5 |     5 ||    10
       Lamp of fire      |       |       |       |     1 |     1 ||     2
  Use: Scroll            |     2 |     7 |     2 |     5 |     5 ||    21
 Stab: Sleeping          |     1 |       |     4 |     2 |     2 ||     9
       Confused          |       |       |    21 |    75 |    22 ||   118
       Distracted        |       |       |     1 |     5 |     2 ||     8
       Paralysed         |       |       |       |    14 |    32 ||    46
Armor: Robe              |    39 |    52 |   128 |   386 |   443 ||  1048
Dodge: Dodged            |    99 |   134 |   324 |  1108 |  1426 ||  3091
       Rpst.: Scimitar   |       |       |       |       |     3 ||     3

Table legend:
 A = Spawn XP
 B = Non-spawn XP
 C = Spawn XP percentage of total XP
 D = Spawn monster count
 E = Non-spawn monster count
 F = Spawn count percentage of total count
 G = Total turns spent on level
                    A         B        C        D         E        F      G
               +---------+---------+-------+---------+---------+-------+---------
         Total |       0 |  106343 |   0.0 |       0 |     693 |   0.0 | 34656
               +---------+---------+-------+---------+---------+-------+---------
           D:1 |       0 |      49 |   0.0 |       0 |      21 |   0.0 |  1296
           D:2 |       0 |     121 |   0.0 |       0 |      45 |   0.0 |  1544
           D:3 |       0 |     119 |   0.0 |       0 |      25 |   0.0 |  1187
           D:4 |       0 |     489 |   0.0 |       0 |      20 |   0.0 |  1863
           D:5 |       0 |     945 |   0.0 |       0 |      24 |   0.0 |  1668
           D:6 |       0 |    1122 |   0.0 |       0 |      34 |   0.0 |  1327
           D:7 |       0 |    1605 |   0.0 |       0 |      25 |   0.0 |  1058
           D:8 |       0 |    1891 |   0.0 |       0 |      12 |   0.0 |  1103
           D:9 |       0 |    7419 |   0.0 |       0 |      52 |   0.0 |  2472
          D:10 |       0 |    3943 |   0.0 |       0 |      26 |   0.0 |  1117
          D:11 |       0 |    5978 |   0.0 |       0 |      36 |   0.0 |  1661
          D:12 |       0 |    9172 |   0.0 |       0 |      88 |   0.0 |  2691
          D:13 |       0 |    6945 |   0.0 |       0 |      35 |   0.0 |  1506
          D:14 |       0 |   15423 |   0.0 |       0 |      38 |   0.0 |  2781
          D:15 |       0 |   27443 |   0.0 |       0 |      61 |   0.0 |  4418
        Temple |       0 |     126 |   0.0 |       0 |       1 |   0.0 |   344
         Orc:1 |       0 |    2295 |   0.0 |       0 |      24 |   0.0 |  1097
         Orc:2 |       0 |    8228 |   0.0 |       0 |      68 |   0.0 |  1869
         Elf:1 |       0 |   11823 |   0.0 |       0 |      28 |   0.0 |  2842
        Bailey |       0 |    1207 |   0.0 |       0 |      30 |   0.0 |   766
               +---------+---------+-------+---------+---------+-------+---------
